 Dungeon Crawl Stone Soup version 0.30-a0-1066-g63dfefce0d (webtiles) character file.

Game seed: 17506866738240928297

700 BlueFish the Sneak (level 7, -1/48 HPs)
             Began as an Octopode Fighter on Apr 12, 2023.
             Was a Follower of Cheibriados.
             Slain by an ice beast (11 damage)
             ... on level 5 of the Dungeon.
             The game lasted 00:08:29 (3873 turns).

BlueFish the Sneak (Octopode Fighter)               Turns: 3873, Time: 00:08:29

Health: -1/48      AC:  1    Str: 20    XL:     7   Next: 65%
Magic:  3/8        EV: 14    Int: 12    God:    Cheibriados [*.....]
Gold:   239        SH:  5    Dex: 13    Spells: 8/8 levels left

rFire   . . .      SeeInvis .    a - +0 whip
rCold   . . .      Faith    .    m - +0 buckler
rNeg    . . .      Spirit   .    (helmet restricted)
rPois   .          Reflect  .    (no amulet)
rElec   .          Rampage  .    C - ring of resist corrosion
rCorr   +                        (no ring)
Will    .....                    (no ring)
Stlth   ++++                     (no ring)
HPRegen 0.28/turn                (no ring)
MPRegen 0.11/turn                (no ring)
                                 (no ring)
                                 (no ring)

@: very slow
A: almost no armour, amphibious, 8 rings, camouflage 1, gelatinous body 1,
(nimble swimmer 1), tentacles
a: Renounce Religion, Bend Time


You were on level 5 of the Dungeon.
You worshipped Cheibriados.
Cheibriados was aware of your devotion.
You visited 2 branches of the dungeon, and saw 6 of its levels.

You collected 239 gold pieces.

Inventory:

Hand Weapons
 a - a +0 whip (weapon)
 b - a +0 sling
 e - a +0 mace
 j - a +0 flail
Missiles
 f - 57 stones (quivered)
 w - 6 poisoned darts
 y - a curare-tipped dart
Armour
 m - a +0 buckler (worn)
Jewellery
 C - a ring of resist corrosion (left tentacle)
Wands
 B - a wand of iceblast (8)
Scrolls
 d - 2 scrolls of poison
 h - 2 scrolls of identify
 i - a scroll of enchant weapon {unknown}
 k - a scroll of enchant armour {unknown}
 n - a scroll of magic mapping {unknown}
 o - 2 scrolls of teleportation
 q - 2 scrolls of fear
 r - a scroll of brand weapon {unknown}
 A - a scroll of acquirement {unknown}
Potions
 c - a potion of might
 g - 3 potions of flight {unknown}
 l - a potion of invisibility {unknown}
 p - a potion of curing
 s - a potion of magic {unknown}
 t - 3 potions of heal wounds {unknown}
 u - a potion of degeneration {unknown}
 v - a potion of brilliance {unknown}
 x - 2 potions of mutation {unknown}
 z - a potion of lignification {unknown}


   Skills:
 + Level 4.0 Fighting
 + Level 3.3 Maces & Flails
 + Level 1.3 Ranged Weapons
 + Level 2.3 Throwing
 + Level 4.1 Dodging
 * Level 5.9 Stealth
 + Level 4.1 Shields
 + Level 1.0 Spellcasting
 + Level 1.7 Invocations


You had 8 spell levels left.
You didn't know any spells.
Your spell library contained the following spells:

 Spells                   Type           Power      Damage    Failure   Level
 Sandblast                Erth           0%         2d4       36%         1
 Slow                     Hex            0%         N/A       36%         1
 Cigotuvi's Dreadful Rot  Necr/Pois/Air  0%         N/A       50%         2
 Ensorcelled Hibernation  Hex/Ice        0%         N/A       50%         2
 Passwall                 Tmut/Erth      0%         N/A       50%         2
 Sublimation of Blood     Necr           0%         N/A       50%         2
 Confusing Touch          Hex            0%         N/A       75%         3
 Spider Form              Tmut/Pois      0%         N/A       75%         3
 Stone Arrow              Conj/Erth      0%         3d7       75%         3
 Vampiric Draining        Necr           0%         2d6       75%         3
 Anguish                  Hex/Necr       0%         N/A       98%         4
 Dispel Undead            Necr           0%         3d6       98%         4
 Petrify                  Tmut/Erth      0%         N/A       98%         4
 Irradiate                Conj/Tmut      0%         3d11      100%        5
 Death Channel            Necr           0%         N/A       100%        6


Dungeon Overview and Level Annotations

Branches:
Dungeon (5/15)             Temple (1/1) D:4

Altars:
Ashenzari
Cheibriados
Dithmenos
Elyvilon
Fedhas
Kikubaaqudgha
Okawaru
Ru
Uskayaw
Wu Jian
Yredelemnul
The Shining One

Annotations:
D:2 Sigmund
D:5 1 runed translucent door, GigaChad's ghost, novice FoFi


Innate Abilities, Weirdness & Mutations

You cannot wear most types of armour.
You are amphibious.
You can wear up to eight rings at the same time.
Your skin changes colour to match your surroundings (Stealth+).
Your rubbery body absorbs attacks. (AC +1, EV +1)
((You are camouflaged when in or above water. (Stealth+)))
You have tentacles for arms and can constrict up to eight enemies at once.


Message History

The orc is heavily wounded.
You constrict the orc.
You feel very sick. The orc closely misses you.
You hit the orc but do no damage.
The orc is almost dead.
You constrict the orc.
You kill the orc!
Cheibriados appreciates the change of pace.
You feel sick.
You feel better. The ice beast completely misses you.
The flow of time bends around you.
The ice beast resists with some effort.
The ice beast hits you. The ice beast freezes you.
The flow of time bends around you.
Cheibriados rebukes the ice beast.
The ice beast seems to slow down.
The ice beast hits you. The ice beast freezes you!
You barely miss the ice beast. The ice beast hits you.
The ice beast freezes you.
* * * LOW HITPOINT WARNING * * *
You hit the ice beast.
The ice beast is lightly wounded.
You hit the ice beast.
The ice beast is moderately wounded.
You block the ice beast's attack.
You barely miss the ice beast.
The ice beast is moderately wounded.
You block the ice beast's attack.
You hit the ice beast but do no damage. Your squeeze misses the ice beast.
The ice beast is moderately wounded.
You hit the ice beast. Your squeeze misses the ice beast.
The ice beast is heavily wounded.
You block the ice beast's attack.
You hit the ice beast.
You squeeze the ice beast, but do no damage.
The ice beast is heavily wounded.
The ice beast hits you.
* * * LOW HITPOINT WARNING * * *
The ice beast freezes you!
You die...

# ##..#......# #
##.######## # #....#
# ####.# # #.### ##
#...# ..## ###.#
....# #.# ###......
#######.# ##@Y......
#.......####..#......
#.#####..##..## #####
#......##.##
#.####....# #....#
##>...... #.#......
..#.......


You could see an ice beast (slow).

Vanquished Creatures
  2 black bears (D:5)
  An ogre (D:5)
  A kobold brigand (D:4)
  A howler monkey (D:5)
  2 hounds
  A jelly (D:4)
  A gnoll bouda (D:3)
  An iguana (D:5)
  Terence (D:2)
  6 adders
  3 gnolls
  2 orcs (D:5)
  5 bats
  7 endoplasms
  5 giant cockroaches
  5 goblins
  11 hobgoblins
  2 kobolds
  6 quokkas
  7 ball pythons
  4 frilled lizards
  11 rats
85 creatures vanquished.

Notes
Turn   | Place    | Note
-------+----------+-------------------------------------------
     0 | D:1      | BlueFish the Octopode Fighter began the quest for the Orb.
     0 | D:1      | Reached XP level 1. HP: 16/16 MP: 1/1
    33 | D:1      | Reached skill level 1 in Stealth
    52 | D:1      | Reached XP level 2. HP: 21/21 MP: 2/2
   286 | D:1      | Reached skill level 2 in Stealth
   318 | D:1      | Reached XP level 3. HP: 26/26 MP: 3/3
   682 | D:2      | Noticed Terence
   692 | D:2      | Killed Terence
   693 | D:2      | Reached XP level 4. HP: 25/31 MP: 4/4
   791 | D:2      | Reached skill level 3 in Stealth
  1147 | D:2      | Noticed Sigmund
  1725 | D:3      | Reached skill level 1 in Throwing
  2096 | D:3      | Reached XP level 5. HP: 27/36 MP: 5/5
  2286 | D:4      | Reached skill level 4 in Stealth
  2355 | D:4      | Found a staircase to the Ecumenical Temple.
  2362 | Temple   | Entered the Ecumenical Temple
  2436 | Temple   | Became a worshipper of Cheibriados the Contemplative
  2499 | D:4      | Reached XP level 6. HP: 42/42 MP: 6/6
  3191 | D:4      | Reached * piety under Cheibriados
  3279 | D:5      | Entered Level 5 of the Dungeon
  3334 | D:5      | Reached skill level 5 in Stealth
  3334 | D:5      | Reached skill level 1 in Invocations
  3360 | D:5      | Noticed a black bear
  3366 | D:5      | Killed a black bear
  3367 | D:5      | Reached XP level 7. HP: 38/47 MP: 7/7
  3372 | D:5      | Reached skill level 1 in Ranged Weapons
  3565 | D:5      | Reached skill level 1 in Spellcasting
  3566 | D:5      | Found a runed translucent door.
  3579 | D:5      | Noticed GigaChad's ghost (novice FoFi)
  3873 | D:5      | Slain by an ice beast

Illustrated notes

Levels and vault maps discovered:
D:1:      lemuel_arrival_rhombus, layout_rooms, minmay_rat_gold_closets
D:2:      layout_loops_corners, uniq_sigmund, uniq_terence
D:3:      layout_rooms
D:4:      layout_basic, minmay_temple_entry_trees
D:5:      layout_basic, regret_index_temple_of_mockery,
          ebering_ghost_reflecting_pool, minmay_fractal_squares_gapless_5
Temple:   nicolae_temple_godzebo

Skill      XL: |  1  2  3  4  5  6  7 |
---------------+----------------------+-----
Stealth        | 1 2 3 4 5 |  5.9
Throwing       | 1 2 |  2.3
Maces & Flails | 3 |  3.3
Invocations    | 1 |  1.7
Ranged Weapons | 1 |  1.3
Shields        | 4 |  4.1
Fighting       | 4 |  4.0
Dodging        | 4 |  4.1
Spellcasting   | 1 |  1.0

Action                     |  1- 3 |  4- 6 |  7- 9 || total
---------------------------+-------+-------+-------++-------
  Melee: Flail             |     8 |       |       ||     8
         Constrict         |    13 |    14 |     4 ||    31
         Tentacles         |    10 |    15 |     8 ||    33
         Mace              |    29 |       |       ||    29
         Whip              |    19 |    66 |    27 ||   112
         Punch             |       |     1 |       ||     1
   Fire: Sling             |    21 |    85 |     8 ||   114
 Invoke: Bend Time         |       |       |     2 ||     2
    Use: Scroll            |       |     4 |       ||     4
         Potion            |       |       |     1 ||     1
   Stab: Sleeping          |     6 |     1 |       ||     7
 Armour: Skin              |     3 |     1 |     1 ||     5
  Dodge: Dodged            |    27 |    39 |    13 ||    79
  Block: Buckler           |    10 |    11 |     6 ||    27

Table legend: (Time is in decaauts)
 A = Elapsed time spent in this place.
 B = Non-inter-level travel time spent in this place.
 C = Inter-level travel time spent in this place.
 D = Time resting spent in this place.
 E = Time spent auto-exploring this place.
 F = Levels seen in this place.
 G = Mean time per level.
                   A        B        C        D        E       F      G
               +--------+--------+--------+--------+--------+-----+--------+
         Total |   4235 |   4110 |    125 |     72 |   3341 |   6 |  705.8 |
       Dungeon |   4117 |   4009 |    108 |     72 |   3256 |   5 |  823.4 |
        Temple |    118 |    101 |     17 |      0 |     84 |   1 |  118.0 |
               +--------+--------+--------+--------+--------+-----+--------+

Top non-repeatable levels by time:
     D:4: 1186 daAuts
     D:2: 993 daAuts
     D:5: 747 daAuts
     D:1: 641 daAuts
     D:3: 549 daAuts
  Temple: 118 daAuts
